 Dungeon Crawl Stone Soup version 0.23.0 (webtiles) character file.

Game seed: 3353836426964152801

128963 xeno23 the Blocker (level 16, -7/131 HPs)
             Began as a Mummy Summoner on Feb 11, 2019.
             Was an Initiate of Gozag.
             Mangled by the 27-headed Lernaean hydra (13 damage)
             ... on level 4 of the Swamp on Feb 13, 2019.
             The game lasted 05:12:24 (54417 turns).

xeno23 the Blocker (Mummy Summoner)                Turns: 54417, Time: 05:12:25

Health: -7/131     AC: 11    Str:  9    XL:     16   Next: 49%
Magic:  0/40       EV: 14    Int: 20    God:    Gozag
Gold:   3382       SH: 15    Dex: 17    Spells: 9/38 levels left

rFire    . . .     SeeInvis +   J - +2 whip (elec)
rCold    + + .     Gourm    .   B - +2 shield of Resistance {rF+ rC+ MR+}
rNeg     + + +     Faith    .   n - +1 robe of Befeuf {rElec Regen+ Str-3 Stlth+}
rPois    ∞         Spirit   +   C - +2 helmet {SInv}
rElec    +         Reflect  .   I - +0 cloak "Goutru" {+Fly}
rCorr    .         Harm     .   r - +0 pair of gloves
MR       +++..                  h - +2 pair of boots {Stlth+}
Stlth    ++........             E - amulet of guardian spirit
HPRegen  0.71/turn              e - +4 ring of dexterity
MPRegen  0.27/turn              X - ring "Vaqof" {*Drain rPois MP+9 SInv Stlth+}

@: studying Armour, very slow
A: no food or potions, fire vulnerability, cold resistance 1, negative energy
resistance 3, torment resistance, unbreathing, in touch with death 1
a: Potion Petition, Call Merchant, Bribe Branch, Renounce Religion, Evoke Flight


You were on level 4 of the Swamp.
You worshipped Gozag.
Gozag was most pleased with you.
You were not hungry.

You visited 5 branches of the dungeon, and saw 28 of its levels.
You also visited: Sewer.

You collected 10672 gold pieces.
You spent 1147 gold pieces at shops.
You paid 6143 gold pieces to Gozag.

Inventory:

Hand Weapons
 a - a +11 blowgun
 j - the +8 lance "Wyrmbane" {slay drac, rPois rF+ rC+ AC+3}
   (You found it on level 4 of the Swamp)

   It affects your AC (+3).
   It protects you from fire.
   It protects you from cold.
   It protects you from poison.
 J - a +2 whip of electrocution (weapon)
 T - a +2 falchion of flaming
Missiles
 f - 94 poisoned needles
 l - 6 javelins (quivered)
 t - 11 needles of sleeping
 F - 7 curare-tipped needles
 N - 4 silver javelins
 P - a throwing net
 U - 2 needles of confusion
Armour
 c - a +1 cloak of invisibility
 h - a +2 pair of boots of stealth (worn)
 n - the +1 robe of Befeuf (worn) {rElec Regen+ Str-3 Stlth+}
   (You found it on level 4 of the Dungeon)

   It affects your strength (-3).
   It insulates you from electricity.
   It increases your rate of regeneration.
   It makes you more stealthy.
 r - a +0 pair of gloves (worn)
 B - the +2 shield of Resistance (worn) {rF+ rC+ MR+}
   (You found it on level 8 of the Dungeon)

   It protects you from fire.
   It protects you from cold.
   It affects your resistance to hostile enchantments.
 C - a +2 helmet of see invisible (worn)
 I - the +0 cloak "Goutru" (worn) {+Fly}
   (You found it on level 15 of the Dungeon)

   It lets you fly.
 S - the +1 leather armour of the Forest {Str+9 Stlth+}
   (You found it on level 15 of the Dungeon)

   It affects your strength (+9).
   It makes you more stealthy.
Magical Staves
 G - an uncursed staff of wizardry
 L - an uncursed staff of death
Jewellery
 e - a +4 ring of dexterity (left hand)
 o - an uncursed ring of protection from fire
 q - the ring of Jealousy {+Blink MR+ Int-3 Slay+2 Stlth-}
   (You found it on level 5 of the Dungeon)

   [ring of attention]

   It affects your intelligence (-3).
   It affects your accuracy and damage with ranged weapons and melee attacks
   (+2).
   It affects your resistance to hostile enchantments.
   It lets you blink.
   It makes you less stealthy.
 v - an uncursed ring of protection from magic
 E - an amulet of guardian spirit (around neck)
 M - an uncursed ring of protection from cold
 X - the ring "Vaqof" (right hand) {*Drain rPois MP+9 SInv Stlth+}
   (You found it on level 5 of the Lair of Beasts)

   [ring of poison resistance]

   It protects you from poison.
   It affects your magic capacity (+9).
   It lets you see invisible.
   It causes draining when unequipped.
   It makes you more stealthy.
Wands
 i - a wand of digging (13)
 u - a wand of clouds (5)
 w - a wand of enslavement (15)
 y - a wand of polymorph (20)
 z - a wand of paralysis (11)
 H - a wand of disintegration (44)
Scrolls
 b - a scroll of teleportation
 d - 4 scrolls of immolation
 g - 9 scrolls of remove curse
 k - 5 scrolls of fog
 m - 3 scrolls of enchant armour
 p - 6 scrolls of magic mapping
 s - 5 scrolls of amnesia
 x - 7 scrolls of enchant weapon
 D - 8 scrolls of fear
 K - a scroll of silence
 O - 8 scrolls of identify
 V - 2 scrolls of torment
 W - a scroll of vulnerability
Books
 Q - a manual of Armour


   Skills:
 - Level 13.3 Fighting
 - Level 4.3 Maces & Flails
 * Level 5.6 Polearms
 - Level 3.7 Dodging
 - Level 1.5 Stealth
 * Level 14.5 Shields
 - Level 11.5 Spellcasting
 + Level 13.0 Summonings
 + Level 3.8 Evocations


You had 9 spell levels left.
You knew the following spells:

 Your Spells              Type           Power        Failure   Level  Hunger
a - Summon Hydra          Summ           ######....   24%         7    N/A
b - Summon Butterflies    Summ           ######..     1%          1    N/A
c - Animate Skeleton      Necr           N/A          6%          1    N/A
d - Call Canine Familiar  Summ           ######..     1%          3    N/A
e - Summon Mana Viper     Hex/Summ       #####...     12%         5    N/A
g - Blink                 Tloc           N/A          10%         2    N/A
q - Summon Lightning Spi  Summ/Air       #####...     4%          4    N/A
s - Call Imp              Summ           ######..     1%          2    N/A
w - Summon Ice Beast      Ice/Summ       #####...     4%          4    N/A

Your spell library contained the following spells:

 Spells                   Type           Power        Failure   Level  Hunger
 Summon Small Mammal      Summ           ####         1%          1    N/A
 Summon Guardian Golem    Hex/Summ       #####...     1%          3    N/A
 Confusing Touch          Hex            ##....       6%          1    N/A
 Corona                   Hex            ##.....      6%          1    N/A
 Infusion                 Chrm           ##..         6%          1    N/A
 Pain                     Necr           ###.         6%          1    N/A
 Ensorcelled Hibernation  Hex/Ice        ##....       10%         2    N/A
 Poisonous Vapours        Pois/Air       ##....       10%         2    N/A
 Shroud of Golubria       Chrm/Tloc      ##........   10%         2    N/A
 Song of Slaying          Chrm           ##......     10%         2    N/A
 Confuse                  Hex            ##......     19%         3    N/A
 Conjure Flame            Conj/Fire      ##......     19%         3    N/A
 Dazzling Spray           Conj/Hex       ##....       19%         3    N/A
 Gell's Gravitas          Tloc           ##........   19%         3    N/A
 Lesser Beckoning         Tloc           ##........   19%         3    N/A
 Mephitic Cloud           Conj/Pois/Air  ##......     19%         3    N/A
 Spectral Weapon          Hex/Chrm       ##......     19%         3    N/A
 Static Discharge         Conj/Air       ##......     19%         3    N/A
 Teleport Other           Tloc           ##......     19%         3    N/A
 Tukima's Dance           Hex            ##......     19%         3    N/A
 Vampiric Draining        Necr           ###.......   19%         3    N/A
 Animate Dead             Necr           N/A          52%         4    N/A
 Passage of Golubria      Tloc           N/A          52%         4    N/A
 Petrify                  Tmut/Erth      ##......     52%         4    N/A
 Lightning Bolt           Conj/Air       ##........   86%         5    N/A
 Metabolic Englaciation   Hex/Ice        ##........   86%         5    N/A
 Yara's Violent Unravell  Hex/Tmut       ##........   86%         5    N/A
 Freezing Cloud           Conj/Ice/Air   ##........   100%        6    N/A
 Ring of Flames           Chrm/Fire      ##........   100%        7    N/A
 Ignition                 Fire           ##........   100%        8    N/A
 Shatter                  Erth           ##........   100%        9    N/A
 Tornado                  Air            ##........   100%        9    N/A
 Regeneration             Chrm/Necr      Unusable     N/A         3    N/A

Dungeon Overview and Level Annotations

Branches:
Dungeon (15/15)            Temple (1/1) D:5            Lair (6/6) D:11
  Swamp (4/4) Lair:2        Snake (0/4) Lair:4        Slime (0/5) Lair:6
    Orc (2/2) D:11            Elf (0/3) Orc:2        Vaults (0/5) D:14
 Depths (0/5) D:15

Altars:
Ashenzari
Cheibriados
Dithmenos
Elyvilon
Fedhas
Gozag
Hepliaklqana
Kikubaaqudgha
Makhleb
Nemelex Xobeh
Okawaru
Qazlal
Ru
Sif Muna
Trog
Uskayaw
Vehumet
Wu Jian
Xom
Yredelemnul
Zin
The Shining One
Jiyva

Shops:
D:5 =   Orc:1 %*}   Orc:2 ?[[(

Annotations:
D:12 Frances
Swamp:4 Lernaean hydra
Orc:1 3 runed translucent doors, ggurman's ghost, journeyman MiFi


Innate Abilities, Weirdness & Mutations

You do not eat or drink.
Your flesh is vulnerable to fire.
You are immune to poison.
Your flesh is cold resistant. (rC+)
You are immune to negative energy. (rN+++)
You are immune to unholy pain and torment.
You can survive without breathing.
You are in touch with the powers of death.


Message History

The 27-headed Lernaean hydra barely misses you.
The 27-headed Lernaean hydra bites you!
* * * LOW HITPOINT WARNING * * *
The 27-headed Lernaean hydra misses you.
The 27-headed Lernaean hydra barely misses you.
The 27-headed Lernaean hydra bites you!
* * * LOW HITPOINT WARNING * * *
The 27-headed Lernaean hydra bites you.
* * * LOW HITPOINT WARNING * * *
The 27-headed Lernaean hydra bites you.
* * * LOW HITPOINT WARNING * * *
The 27-headed Lernaean hydra barely misses you.
The 27-headed Lernaean hydra bites you but does no damage.
The 27-headed Lernaean hydra bites you!
* * * LOW HITPOINT WARNING * * *
The 27-headed Lernaean hydra bites you!
* * * LOW HITPOINT WARNING * * *
The 27-headed Lernaean hydra bites you!
You die...
Your body crumbles into a pile of gold.

≈≈≈≈≈≈≈..♣♣♣.≈≈≈≈.≈♣≈≈♣♣
^..###.≈≈§....≈≈§§#####
.#≈≈≈..#...#'#...##..[##
≈#....≈#........%#.....#
≈........8P≈.P≈8.#..(..#
≈#P..≈...≈..#...≈#.....#
≈.......≈8.≈...8.'....##♣
≈≈..#..#..≈###...#'####≈♣
≈≈#..≈≈..8P....8@..§...≈♣
≈≈#.(.(.(..≈..§D8§8≈(..≈♣
≈......P.≈≈..≈..≈Y...≈..♣
≈......#...⌠#⌠.≈.....≈..♣
......#.##.########.....♣
≈.#........⌠#⌠..≈#...≈.≈♣
≈.'..P.P.≈..#....Y..≈...♣
.≈#.(.(.8..≈.≈≈≈(.8P(.#≈♣
.≈#.≈....(.....(≈..≈..#≈♣


You could see the 27-headed Lernaean hydra and a friendly ice beast.

Vanquished Creatures
  Kirke (D:12)
  Nessos (Lair:5)
  Josephine (D:11)
  An ogre mage (Orc:2)
  A great orb of eyes (D:15)
  2 yaktaur captains (D:15)
  13 hydras
  Erolcha (D:13)
  2 vault guards (D:14)
  A two-headed ogre (D:15)
  5 centaur warriors
  5 alligators
  A death knight (D:15)
  2 death yaks (Lair:5)
  3 tengu warriors
  2 spriggans
  An unseen horror (D:14)
  9 swamp dragons
  A wizard (D:15)
  A wolf spider (D:15)
  A deep elf archer (D:15)
  3 orc knights
  6 manticores
  3 cyclopes
  2 ugly things
  2 orc sorcerers
  A moth of wrath (Swamp:1)
  5 elephants
  Joseph (D:8)
  Psyche (D:12)
  2 torpor snails
  A spiny frog (shapeshifter) (D:15)
  17 spiny frogs
  4 komodo dragons
  A yaktaur (D:15)
  3 rime drakes
  An efreet (D:13)
  2 freezing wraiths (D:15)
  6 hornets
  A polar bear (Lair:5)
  A queen bee (Lair:2)
  2 trolls (D:14)
  16 tyrant leeches
  4 dream sheep (Lair:5)
  14 bog bodies
  4 hippogriffs
  15 slime creatures
  9 blink frogs
  5 shadows
  A vampire (D:15)
  A centaur simulacrum (D:15)
  3 wraiths
  15 yaks
  A wyvern (D:15)
  A basilisk (Lair:2)
  A fire elemental (D:13)
  6 hungry ghosts
  23 vampire mosquitoes
  A hog (D:12)
  A warg (Orc:1)
  3 insubstantial wisps
  6 water moccasins
  17 swamp worms
  4 acid dragons
  A soldier ant (D:15)
  13 swamp drakes
  5 porcupines
  3 ice beasts
  6 sky beasts
  29 orc warriors
  4 phantoms
  A black bear (Lair:5)
  An eye of draining (D:11)
  2 necrophages
  9 ogres
  A wolf (Lair:5)
  27 centaurs
  A big kobold (D:10)
  4 crocodiles
  19 bullfrogs
  A wyvern zombie (D:10)
  6 scorpions
  16 wights
  6 killer bees (D:11)
  3 howler monkeys
  3 centaur zombies
  4 crimson imps
  2 bullfrog zombies
  2 jellies
  2 quasits
  16 orc priests
  Crazy Yiuf (D:6)
  5 hounds
  16 orc wizards
  7 centaur skeletons
  Jessica (D:2)
  3 bullfrog skeletons
  A gnoll shaman (D:7)
  5 iguanas
  7 worker ants
  2 worker ant zombies
  5 gnolls
  9 adders
  2 river rats (Sewer)
  3 shadow imps
  4 oozes
  3 worms
  A dart slug (D:1)
  4 leopard geckos
  76 orcs
  5 ball pythons
  5 giant cockroaches
  4 goblins
  7 hobgoblins
  A jackal (D:1)
  5 quokkas
  8 bats
  7 frilled lizards
  14 kobolds
  5 rats
  A fungus (D:6)
675 creatures vanquished.

Vanquished Creatures (collateral kills)
  Rupert (D:14)
  Gastronok (D:9)
  A thorn hunter (Swamp:3)
  A tengu reaver (D:14)
  A fire giant (D:15)
  A stone giant (D:15)
  Azrael (D:13)
  The ghost of Elebi the Grappler, a journeyman DrTm of Yredelemnul (Lair:2)
  An ettin (D:15)
  2 vault guards (D:14)
  A yaktaur captain (D:15)
  2 shambling mangroves
  18 hydras
  A centaur warrior (D:15)
  A catoblepas (D:13)
  2 ghost crabs (Swamp:3)
  2 two-headed ogres
  11 alligators
  3 death yaks
  A tengu warrior (D:13)
  Sonja (Lair:5)
  A spriggan druid (Swamp:1)
  2 swamp dragons
  An orc knight (D:14)
  A deep elf mage (D:15)
  An ugly thing (D:14)
  A wolf spider (D:15)
  4 oklob plants (Lair:5)
  2 manticores
  A cyclops (Orc:1)
  3 black mambas
  2 elephants (Lair:4)
  A moth of wrath (Lair:2)
  9 spiny frogs
  A gargoyle (D:10)
  5 komodo dragons
  A rime drake (Lair:6)
  A tengu conjurer (D:13)
  4 trolls
  15 tyrant leeches
  2 hornets
  3 dream sheep
  A bog body (Swamp:3)
  2 slime creatures (D:11)
  8 blink frogs
  3 hippogriffs
  A spriggan (Swamp:2)
  2 wyverns
  2 fire elementals (D:13)
  4 yaks
  3 wraiths (D:11)
  A basilisk (Lair:6)
  6 vampire mosquitoes
  2 insubstantial wisps (Swamp:3)
  4 swamp worms
  A porcupine (Lair:3)
  4 water moccasins
  4 hell hounds (D:13)
  7 orc warriors
  3 sky beasts
  A black bear (D:9)
  5 centaurs
  2 big kobolds (D:10)
  2 crocodiles
  A gnoll sergeant (D:6)
  7 bullfrogs
  A scorpion (D:6)
  7 killer bees
  A wight (D:7)
  2 orc wizards (Orc:1)
  2 centaur skeletons
  3 orc priests
  A jelly (D:7)
  3 hounds
  An iguana (D:14)
  A hell rat (Lair:5)
  A worker ant (D:11)
  An adder (Sewer)
  3 gnolls (D:6)
  An ooze (D:2)
  4 worms
  4 orcs
  A hobgoblin (D:1)
  A rat (Sewer)
  A butterfly (Lair:1)
  A plant (Lair:5)
231 creatures vanquished.

Vanquished Creatures (others)
  A hydra (D:15)
  A slime creature (Swamp:3)
  2 tengu conjurers (D:13)
  A shadow (D:15)
  A human (D:13)
  A swamp drake (Swamp:3)
  An ogre (D:13)
  4 centaurs (D:13)
  20 fungi
  60 plants
92 creatures vanquished.

Grand Total: 998 creatures vanquished

Notes
Turn   | Place    | Note
-------+----------+-------------------------------------------
     0 | D:1      | xeno23 the Mummy Summoner began the quest for the Orb.
     0 | D:1      | Reached XP level 1. HP: 13/13 MP: 4/4
   517 | D:1      | Reached XP level 2. HP: 20/20 MP: 5/5
  1122 | D:2      | Learned a level 2 spell: Call Imp
  1150 | D:2      | Noticed Jessica
  1402 | D:2      | Reached skill level 1 in Fighting
  1656 | D:2      | Reached XP level 3. HP: 17/26 MP: 7/7
  1661 | D:2      | Learned a level 3 spell: Call Canine Familiar
  2543 | D:2      | Killed Jessica
  2543 | D:2      | Reached XP level 4. HP: 33/33 MP: 9/9
  2624 | D:3      | Found a glowing drain.
  2662 | Sewer    | Entered a sewer
  2895 | Sewer    | Reached skill level 1 in Polearms
  3222 | Sewer    | Reached XP level 5. HP: 39/39 MP: 3/10
  5437 | D:4      | Found a bloodstained altar of Trog.
  5445 | D:4      | Reached XP level 6. HP: 34/47 MP: 4/12
  5840 | D:4      | Got a fine robe
  5851 | D:4      | Identified the +1 robe of Befeuf {rElec Regen+ Str-3
                  | Stlth+} (You found it on level 4 of the Dungeon)
  5861 | D:4      | Learned a level 4 spell: Summon Ice Beast
  6177 | D:5      | Entered Level 5 of the Dungeon
  6177 | D:5      | Found an opulent altar of Gozag.
  6195 | D:5      | Became a worshipper of Gozag Ym Sagoz the Greedy
  6211 | D:5      | Found Bepteval's Jewellery Shoppe.
  6277 | D:5      | Got a slimy wooden ring
  6279 | D:5      | Identified the ring of Jealousy {+Blink MR+ Int-3 Slay+2
                  | Stlth-} (You found it on level 5 of the Dungeon)
  6362 | D:5      | Found a staircase to the Ecumenical Temple.
  6368 | Temple   | Entered the Ecumenical Temple
  6877 | D:6      | Noticed an ice beast
  6889 | D:6      | Reached XP level 7. HP: 45/54 MP: 4/13
  6911 | D:6      | Reached skill level 5 in Summonings
  7621 | D:6      | Reached skill level 5 in Spellcasting
  7855 | D:6      | Reached skill level 5 in Fighting
  7906 | D:6      | Learned a level 1 spell: Animate Skeleton
  8129 | D:6      | Reached XP level 8. HP: 41/62 MP: 15/15
  8299 | D:6      | Found a runed translucent door.
  8300 | D:6      | Noticed Crazy Yiuf
  8325 | D:6      | Killed Crazy Yiuf
 10038 | D:8      | Learned a level 4 spell: Summon Lightning Spire
 10332 | D:8      | Found the +2 shield of Resistance {rF+ rC+ MR+}
 10368 | D:8      | Noticed Joseph
 10885 | D:7      | Reached XP level 9. HP: 24/71 MP: 7/18
 11238 | D:8      | Killed Joseph
 11238 | D:8      | Reached skill level 1 in Shields
 11380 | D:9      | Noticed Gastronok
 11816 | D:10     | Entered Level 10 of the Dungeon
 12020 | D:10     | Reached skill level 2 in Shields
 12305 | D:10     | Noticed a gargoyle
 12345 | D:10     | Found a deep blue altar of Sif Muna.
 12385 | D:10     | Noticed a troll
 12405 | D:10     | Killed a troll
 12605 | D:9      | Reached skill level 3 in Shields
 13535 | D:9      | Killed Gastronok
 13535 | D:9      | Reached XP level 10. HP: 67/80 MP: 11/21
 13626 | D:9      | Found a shadowy altar of Dithmenos.
 14146 | D:10     | Reached skill level 4 in Shields
 14743 | D:10     | Killed a gargoyle
 14975 | D:10     | Noticed a three-headed hydra
 15369 | D:10     | Killed a one-headed hydra
 15428 | D:11     | Noticed a manticore
 15981 | D:11     | Reached skill level 5 in Polearms
 16060 | D:11     | Noticed Josephine
 16097 | D:11     | Killed Josephine
 16097 | D:11     | Reached skill level 5 in Shields
 16483 | D:11     | Reached XP level 11. HP: 63/89 MP: 23/23
 17075 | D:11     | Found a staircase to the Lair.
 17125 | D:11     | Found a staircase to the Orcish Mines.
 17226 | Lair:1   | Entered Level 1 of the Lair of Beasts
 17495 | Lair:1   | Noticed a four-headed hydra
 17709 | Lair:1   | Killed a one-headed hydra
 17994 | Lair:1   | Noticed a five-headed hydra
 18059 | Lair:1   | Killed a four-headed hydra
 18324 | Lair:1   | Identified a scroll of acquirement
 18629 | Lair:2   | Found a transporter.
 18829 | Lair:2   | Found a transporter.
 18831 | Lair:2   | Noticed Elebi's ghost (journeyman DrTm)
 18874 | Lair:2   | Noticed a death yak
 18874 | Lair:2   | Noticed a death yak
 19062 | Lair:2   | Found a staircase to the Swamp.
 19182 | Lair:2   | Reached skill level 6 in Shields
 19649 | Lair:2   | Killed a death yak
 19707 | Lair:2   | Killed a death yak
 19707 | Lair:2   | Reached skill level 10 in Fighting
 19812 | Lair:2   | Noticed a four-headed hydra
 19830 | Lair:2   | Killed a four-headed hydra
 20081 | Lair:3   | Noticed a four-headed hydra
 20564 | Lair:3   | Killed a one-headed hydra
 21930 | Lair:4   | Noticed a four-headed hydra
 21945 | Lair:4   | Killed a two-headed hydra
 21945 | Lair:4   | Reached skill level 7 in Shields
 21956 | Lair:4   | Found a staircase to the Snake Pit.
 21973 | Lair:4   | Reached XP level 12. HP: 55/99 MP: 17/25
 22104 | Lair:4   | Noticed a seven-headed hydra
 22166 | Lair:4   | Killed a four-headed hydra
 23716 | Lair:5   | Noticed Sonja
 23719 | Lair:5   | Noticed a seven-headed hydra
 23729 | Lair:5   | Killed a six-headed hydra
 23750 | Lair:5   | Killed Sonja
 23757 | Lair:5   | Reached skill level 10 in Spellcasting
 24060 | Lair:5   | Noticed an eight-headed hydra
 24217 | Lair:5   | Reached skill level 8 in Shields
 24236 | Lair:5   | Killed a seven-headed hydra
 24281 | Lair:5   | Noticed Nessos
 24313 | Lair:5   | Killed Nessos
 24406 | Lair:5   | You fall through a shaft!
 24406 | Lair:6   | Entered Level 6 of the Lair of Beasts
 24529 | Lair:6   | Found an opulent altar of Gozag.
 24967 | Lair:6   | HP: 4/102 [spiny frog (11)]
 25253 | Lair:5   | You fall through a shaft!
 25253 | Lair:6   | Noticed a death yak
 25253 | Lair:6   | Noticed a death yak
 25254 | Lair:6   | Noticed a six-headed hydra
 25254 | Lair:6   | Noticed a death yak
 26130 | Lair:5   | Gained mutation: You are in touch with the powers of death.
                  | [Mummy growth]
 26130 | Lair:5   | Reached XP level 13. HP: 91/108 MP: 1/27
 26195 | Lair:5   | Got a bound lead ring
 26203 | Lair:5   | Identified the ring "Vaqof" {*Drain rPois MP+9 SInv Stlth+}
                  | (You found it on level 5 of the Lair of Beasts)
 26694 | Lair:6   | Found a viscous altar of Jiyva.
 26743 | Lair:6   | Found a staircase to the Slime Pits.
 26996 | Lair:6   | Reached skill level 9 in Shields
 27643 | Lair:5   | Reached skill level 10 in Summonings
 28363 | Lair:6   | Found the +4 skin of Zhor {Hibernate rC+++ SInv}
 29233 | Lair:2   | Killed Elebi's ghost
 29389 | Orc:1    | Entered Level 1 of the Orcish Mines
 29389 | Orc:1    | Found Wesirat's Assorted Antiques.
 29506 | Orc:1    | Found Renkest's Gadget Emporium.
 29539 | Orc:1    | Bought a scroll labeled WINEOXY VUDA for 39 gold pieces
 29539 | Orc:1    | Bought a pair of runed boots for 292 gold pieces
 29669 | Orc:1    | Found a runed translucent gate.
 29670 | Orc:1    | Found a runed translucent gate.
 29676 | Orc:1    | Found a runed translucent gate.
 29679 | Orc:1    | Noticed ggurman's ghost (journeyman MiFi)
 29681 | Orc:1    | Noticed a stone giant
 29682 | Orc:1    | Found an iron altar of Okawaru.
 29735 | Orc:2    | Entered Level 2 of the Orcish Mines
 29738 | Orc:2    | Found a staircase to the Elven Halls.
 29987 | Orc:2    | Learned a level 1 spell: Summon Butterflies
 29993 | Orc:2    | Learned a level 5 spell: Summon Mana Viper
 30001 | Orc:2    | Learned a level 7 spell: Summon Hydra
 30224 | Orc:1    | Found Lenic's Food Shop.
 30496 | Orc:1    | Reached skill level 10 in Shields
 31372 | Orc:2    | Found Coafiopp's Armour Boutique.
 31372 | Orc:2    | Found Xehoytz's Antique Armour Shoppe.
 31374 | Orc:2    | Found Yfaekh's Magic Scroll Emporium.
 31376 | Orc:2    | Found Silar's Weapon Shop.
 31384 | Orc:2    | Bought a runed cloak for 135 gold pieces
 31385 | Orc:2    | Bought a +0 pair of gloves for 81 gold pieces
 31388 | Orc:2    | Bought a scroll of fog for 20 gold pieces
 31388 | Orc:2    | Bought a scroll of acquirement for 520 gold pieces
 31388 | Orc:2    | Bought a scroll of teleportation for 30 gold pieces
 31388 | Orc:2    | Bought a scroll of teleportation for 30 gold pieces
 31405 | Orc:2    | Got a bloodstained buckler
 31417 | Orc:2    | Identified the +2 buckler of Bang {MP+9 SInv} (You acquired
                  | it on level 2 of the Orcish Mines)
 32507 | D:12     | Reached XP level 14. HP: 95/118 MP: 27/29
 32637 | D:12     | Noticed Psyche
 32653 | D:12     | Killed Psyche
 32679 | D:12     | Got a dazzling long sword
 32775 | D:12     | Identified the +1 long sword "Xyrphor" {protect, *Noise rC+
                  | Int+4 Dex+6} (You found it on level 12 of the Dungeon)
 33117 | D:13     | Noticed Azrael
 33168 | D:13     | Killed Azrael
 33527 | D:13     | Noticed Frances
 33939 | D:13     | Noticed Kirke
 33962 | D:12     | Killed Kirke
 34156 | D:13     | Noticed Erolcha
 34190 | D:13     | Killed Erolcha
 34890 | D:14     | Noticed Rupert
 35335 | D:14     | Found a gate to the Vaults.
 35763 | D:14     | Reached skill level 11 in Shields
 36448 | D:15     | Entered Level 15 of the Dungeon
 37184 | D:15     | Found a basalt altar of Yredelemnul.
 37184 | D:15     | Found a shimmering altar of Xom.
 37276 | D:15     | Found a staircase to the Depths.
 37349 | D:15     | Found a basalt altar of Yredelemnul.
 38289 | D:15     | Reached skill level 12 in Shields
 38824 | D:15     | Noticed a fire giant
 38995 | D:15     | Reached XP level 15. HP: 124/124 MP: 30/30
 39590 | D:15     | Noticed a storm dragon
 39943 | D:14     | Killed Rupert
 41032 | D:15     | Noticed a tengu reaver
 41191 | D:15     | Reached skill level 13 in Shields
 41628 | D:15     | Got a slimy cloak
 41970 | D:14     | Killed a tengu reaver
 42259 | D:15     | Got a clouded lead amulet
 42270 | D:15     | Identified the amulet "Rogilah" {Inacc Int+4} (You found it
                  | on level 15 of the Dungeon)
 42377 | D:15     | Killed a fire giant
 42644 | D:15     | Got a crude leather armour
 42655 | D:15     | Identified the +1 leather armour of the Forest {Str+9
                  | Stlth+} (You found it on level 15 of the Dungeon)
 42768 | Lair:1   | Identified the +0 cloak "Goutru" {+Fly} (You found it on
                  | level 15 of the Dungeon)
 42820 | Swamp:1  | Entered Level 1 of the Swamp
 44844 | Swamp:1  | Reached skill level 1 in Maces & Flails
 46740 | Swamp:2  | Reached skill level 1 in Evocations
 48392 | Swamp:3  | Learned a level 2 spell: Blink
 48775 | Swamp:3  | Reached XP level 16. HP: 124/131 MP: 31/31
 48901 | Swamp:3  | Reached skill level 14 in Shields
 49684 | Swamp:4  | Entered Level 4 of the Swamp
 49738 | Swamp:4  | Noticed a thorn hunter
 51125 | Swamp:3  | Killed a thorn hunter
 52483 | Swamp:4  | Noticed the 27-headed Lernaean hydra
 52536 | Swamp:4  | Found the +8 lance "Wyrmbane" {slay drac, rPois rF+ rC+
                  | AC+3}
 54417 | Swamp:4  | HP: 6/131 [the 27-headed Lernaean hydra (10)]
 54417 | Swamp:4  | Mangled by the 27-headed Lernaean hydra

Skill      XL: |  1  2  3  4  5  6  7  8  9 10 11 12 13 14 15 16 |
---------------+-------------------------------------------------+-----
Spellcasting   | 3 4 5 6 7 8 9 10 11 | 11.5
Fighting       | 1 2 3 4 5 6 8 9 10 12 13 | 13.3
Summonings     | 4 5 6 7 8 9 10 11 12 13 | 13.0
Polearms       | 1 2 3 4 5 |  5.6
Shields        | 3 5 7 8 10 12 13 14 | 14.5
Dodging        | 3 |  3.7
Maces & Flails | 2 4 |  4.3
Evocations     | 2 3 |  3.8
Stealth        | |  1.5

Action                   |  1- 3 |  4- 6 |  7- 9 | 10-12 | 13-15 | 16-18 || total
-------------------------+-------+-------+-------+-------+-------+-------++-------
Melee: Short sword       |    22 |   188 |   102 |       |       |       ||   312
       Unarmed           |     4 |       |       |       |       |       ||     4
       Dagger            |     1 |       |       |       |       |       ||     1
       Spear             |   102 |    52 |   257 |       |       |       ||   411
       Trident           |       |       |   362 |   394 |       |       ||   756
       Long sword        |       |       |     2 |       |       |       ||     2
       Falchion          |       |       |       |   794 |    62 |    93 ||   949
       Whip              |       |       |       |    24 |  3039 |   661 ||  3724
 Fire: Blowgun           |       |       |    16 |    15 |     4 |       ||    35
Throw: Javelin           |       |       |     7 |     7 |    23 |     6 ||    43
 Cast: Call Imp          |     4 |     1 |    10 |     8 |       |       ||    23
       Summon Small Mamm |     2 |       |       |       |       |       ||     2
       Call Canine Famil |     2 |     4 |    44 |    38 |     2 |     3 ||    93
       Summon Ice Beast  |       |       |    18 |   109 |   184 |    69 ||   380
       Summon Lightning  |       |       |       |    10 |    31 |     4 ||    45
       Summon Mana Viper |       |       |       |       |    29 |    10 ||    39
       Blink             |       |       |       |       |       |     9 ||     9
Invok: Potion Petition   |       |       |       |     2 |     9 |     2 ||    13
 Abil: Evoke Invisibilit |       |       |       |       |     1 |     1 ||     2
       Evoke Flight      |       |       |       |       |     1 |     1 ||     2
Evoke: Wand              |       |       |       |    14 |     2 |       ||    16
  Use: Scroll            |       |    10 |     3 |    13 |    14 |     4 ||    44
 Stab: Sleeping          |     7 |    10 |     5 |     7 |    34 |     4 ||    67
       Distracted        |     1 |       |     6 |     8 |    24 |     4 ||    43
       Paralysed         |       |       |       |     5 |       |       ||     5
       Invisible         |       |       |       |       |     4 |       ||     4
       Confused          |       |       |       |       |     1 |     1 ||     2
Armor: Robe              |    24 |    18 |    88 |   328 |   774 |   231 ||  1463
       Skin              |       |       |       |       |     5 |       ||     5
       Leather armour    |       |       |       |       |    36 |       ||    36
Dodge: Dodged            |    67 |   111 |   324 |   640 |  1520 |   455 ||  3117
Block: Shield            |       |       |       |   617 |  2442 |   661 ||  3720
       Rpst.: Falchion   |       |       |       |   112 |     7 |     9 ||   128
